 Dungeon Crawl Stone Soup version 0.29-a0-1043-g569b05d6ff (webtiles) character file.

Game seed: 1199614150267641371

2523 siradein the Fighter (level 9, 0/127 HPs)
             Began as a Hill Orc Fighter on Aug 15, 2022.
             Was a Follower of Makhleb.
             Engulfed by a steam dragon's steam (13 damage)
             ... on level 7 of the Dungeon.
             The game lasted 00:12:57 (6909 turns).

siradein the Fighter (Hill Orc Fighter)             Turns: 6909, Time: 00:12:58

Health: 0/127      AC: 13    Str: 19    XL:     9   Next: 54%
Magic:  14/14      EV:  7    Int:  8    God:    Makhleb [*.....]
Gold:   388        SH: 10    Dex: 14    Spells: 8/8 levels left

rFire   . . .      SeeInvis .   a - +0 trident
rCold   . . .      Faith    .   c - +0 buckler
rNeg    + . .      Spirit   .   s - +0 chain mail
rPois   +          Reflect  +   h - +0 helmet
rElec   .          Harm     .   (no cloak)
rCorr   .          Rampage  .   x - +2 pair of gloves
Will    .....                   (no boots)
Stlth   ..........              A - amulet of reflection
HPRegen 0.31/turn               q - ring of positive energy
MPRegen 0.14/turn               v - ring of poison resistance

@: berserking, very quick
A: no striking features
a: Renounce Religion


You were on level 7 of the Dungeon.
You worshipped Makhleb.
Makhleb was aware of your devotion.
You visited 2 branches of the dungeon, and saw 8 of its levels.

You collected 388 gold pieces.

Inventory:

Hand Weapons
 a - a +0 trident (weapon)
 b - the +8 sling of Armageddon {freeze, rF+ Int+3}
   (You found it on level 5 of the Dungeon)

   Any ammunition fired from it freezes those it strikes, dealing additional
   cold damage.
   It can also slow down cold-blooded creatures.
   Int:       It affects your intelligence (+3).
   rF:        It protects you from fire.
Missiles
 g - a throwing net
Armour
 c - a +0 buckler (worn)
 h - a +0 helmet (worn)
 s - a +0 chain mail (worn)
 x - a +2 pair of gloves (worn)
Jewellery
 n - an amulet of guardian spirit
 q - a ring of positive energy (left hand)
 t - a ring of protection from cold
 v - a ring of poison resistance (right hand)
 A - an amulet of reflection (around neck)
 B - a ring of flight
 D - a ring of resist corrosion
Wands
 o - a wand of charming (7)
Scrolls
 i - a scroll of vulnerability {unknown}
 l - 2 scrolls of teleportation {unknown}
 r - 2 scrolls of blinking {unknown}
 u - 2 scrolls of enchant weapon {unknown}
 w - a scroll of amnesia
 y - a scroll of magic mapping {unknown}
 C - a scroll of silence {unknown}
 E - 2 scrolls of noise {unknown}
 F - 2 scrolls of poison {unknown}
Potions
 d - 3 potions of might
 e - a potion of brilliance {unknown}
 f - a potion of degeneration {unknown}
 j - 7 potions of curing
 k - 2 potions of lignification
 m - a potion of berserk rage
 p - 2 potions of flight
 z - a potion of magic {unknown}
 G - 2 potions of resistance {unknown}
 H - a potion of haste {unknown}


   Skills:
 + Level 10.1 Fighting
 + Level 8.9 Polearms
 - Level 3.8 Armour
 - Level 3.9 Shields
 + Level 6.7 Invocations


You had 8 spell levels left.
You didn't know any spells.
Your spell library contained the following spells:

 Spells                   Type           Power      Damage    Failure   Level
 Apportation              Tloc           0%         N/A       100%        1
 Ignite Poison            Fire/Tmut/Pois 0%         N/A       100%        3
 Mephitic Cloud           Conj/Pois/Air  0%         N/A       100%        3
 Ozocubu's Armour         Ice            0%         N/A       100%        3
 Animate Dead             Necr           0%         N/A       100%        4
 Alistair's Intoxication  Tmut/Pois      0%         N/A       100%        5
 Freezing Cloud           Conj/Ice/Air   0%         6-21      100%        5
 Metabolic Englaciation   Hex/Ice        0%         N/A       100%        5
 Simulacrum               Ice/Necr       0%         N/A       100%        6
 Haunt                    Necr/Summ      0%         N/A       100%        7
 Infestation              Necr           0%         N/A       100%        8


Dungeon Overview and Level Annotations

Branches:
Dungeon (7/15)             Temple (1/1) D:4

Altars:
Ashenzari
Cheibriados
Dithmenos
Elyvilon
Fedhas
Gozag
Hepliaklqana
Makhleb
Qazlal
Ru
Trog
Uskayaw
Xom
Yredelemnul

Annotations:
D:2 1 runed translucent door, Crazy Yiuf
D:6 1 runed translucent door


Message History

You block the steam dragon's attack.
You closely miss the steam dragon.
The steam dragon is severely wounded.
The steam dragon bites you but does no damage.
The steam dragon claws you.
You hit the steam dragon but do no damage.
The steam dragon is severely wounded.
The steam dragon breathes steam at you. The ball of steam hits you!
You hit the steam dragon but do no damage.
The steam dragon is severely wounded.
You are engulfed in a cloud of scalding steam.
The steam dragon closely misses you.
The steam dragon claws you but does no damage.
You closely miss the steam dragon.
The steam dragon is severely wounded.
You are engulfed in a cloud of scalding steam.
The steam dragon bites you.
The steam dragon claws you but does no damage.
You closely miss the steam dragon.
The steam dragon is severely wounded.
You are engulfed in a cloud of scalding steam.
* * * LOW HITPOINT WARNING * * *
The steam dragon breathes steam at you. The ball of steam hits you!
* * * LOW HITPOINT WARNING * * *
Unknown command.
Unknown command.
You hit the steam dragon but do no damage.
The steam dragon is severely wounded.
You are engulfed in a cloud of scalding steam.
* * * LOW HITPOINT WARNING * * *
You block the steam dragon's attack.
The steam dragon claws you but does no damage.
Unknown command.
Unknown command.
A red film seems to cover your vision as you go berserk!
You feel yourself moving faster!
You feel mighty!
You are engulfed in a cloud of scalding steam.
You die...

.......#.###.## ..#....#..#.##
#........#.. ..#..#.#.#.##
#........#.# .# ..#...##..##
#...##.#.#.##.# #.#####...#
#.............# ..# #...#
#.............# #######...#####
#.............#
###...........#####D.............
...........§..§§@D.o..z.........#
###...........#####.##..#.<.....#
#####...##### #.##.##.......# #
#...# #.##.##.......# ## #)..#
#.......####### .######...#
#.##.##.# ### ##.......##
#.##......##|## ##.#####.#
#.#####.#.#§§.. #.#####÷########
#.# #.# ##§#


You could see 2 steam dragons, a wight and an orc.

Vanquished Creatures
  The ghost of porpoise the Covert, a novice OpVM of Gozag (D:6)
  Sigmund (D:2)
  A steam dragon (D:7)
  A black bear (D:7)
  A sky beast (D:6)
  2 centaurs
  A kobold brigand (D:7)
  5 bullfrogs
  A necrophage (D:7)
  3 scorpions
  A gnoll sergeant (D:6)
  A jelly (D:6)
  2 orc priests
  8 hounds
  A gnoll bouda (D:5)
  Jessica (D:2)
  3 iguanas
  Natasha (thrice) (D:3)
  2 orc wizards (D:6)
  6 adders
  9 gnolls
  2 river rats (D:6)
  A shadow imp (D:6)
  A white imp (D:7)
  2 worms
  2 dart slugs
  16 orcs
  7 ball pythons
  12 endoplasms
  A giant cockroach (D:1)
  4 goblins
  5 hobgoblins
  2 jackals (D:4)
  5 quokkas
  5 bats
  4 frilled lizards
  6 kobolds
  6 rats
135 creatures vanquished.

Vanquished Creatures (others)
  A centaur (D:7)
  A jelly (D:5)
  3 orc wizards (D:7)
  An orc (D:7)
6 creatures vanquished.

Grand Total: 141 creatures vanquished

Notes
Turn   | Place    | Note
-------+----------+-------------------------------------------
     0 | D:1      | siradein the Hill Orc Fighter began the quest for the Orb.
     0 | D:1      | Reached XP level 1. HP: 19/19 MP: 1/1
   147 | D:1      | Reached XP level 2. HP: 27/27 MP: 2/2
   183 | D:1      | Found a faded altar of an unknown god.
   575 | D:1      | Reached skill level 4 in Fighting
   942 | D:2      | Reached XP level 3. HP: 31/33 MP: 3/3
   970 | D:2      | Found a hide-covered altar of Uskayaw.
  1019 | D:2      | Noticed Jessica
  1025 | D:2      | Killed Jessica
  1194 | D:2      | Noticed Sigmund
  1209 | D:2      | Reached XP level 4. HP: 26/40 MP: 4/4
  1590 | D:2      | Killed Sigmund
  1591 | D:2      | Reached skill level 5 in Fighting
  1591 | D:2      | Reached XP level 5. HP: 34/49 MP: 5/5
  1727 | D:2      | Found a runed translucent door.
  1728 | D:2      | Noticed Crazy Yiuf
  1967 | D:3      | Reached XP level 6. HP: 57/57 MP: 6/6
  2054 | D:3      | Noticed Natasha
  2064 | D:3      | Killed Natasha
  2290 | D:3      | Noticed Natasha
  2304 | D:3      | Killed Natasha
  2305 | D:3      | Reached skill level 6 in Fighting
  2520 | D:3      | Reached skill level 5 in Polearms
  2810 | D:3      | Noticed Natasha
  2819 | D:3      | Killed Natasha
  3064 | D:4      | Found a staircase to the Ecumenical Temple.
  3070 | D:4      | Reached XP level 7. HP: 61/64 MP: 7/7
  3081 | Temple   | Entered the Ecumenical Temple
  3098 | Temple   | Became a worshipper of Makhleb the Destroyer
  3260 | D:4      | Found a blossoming altar of Fedhas.
  3353 | D:4      | Reached skill level 7 in Fighting
  3745 | D:5      | Entered Level 5 of the Dungeon
  3966 | D:5      | Identified the +8 sling of Armageddon {freeze, rF+ Int+3}
  4061 | D:5      | Reached * piety under Makhleb
  4189 | D:5      | Reached XP level 8. HP: 73/74 MP: 6/8
  4212 | D:5      | Reached skill level 8 in Fighting
  4438 | D:5      | Found a hide-covered altar of Uskayaw.
  4771 | D:6      | Found a runed translucent door.
  4790 | D:6      | Reached skill level 1 in Invocations
  4873 | D:6      | Noticed porpoise's ghost (novice OpVM)
  4888 | D:6      | Found a runed translucent door.
  5815 | D:6      | Reached skill level 9 in Fighting
  5961 | D:6      | Killed porpoise's ghost
  5962 | D:6      | Reached skill level 5 in Invocations
  5962 | D:6      | Reached XP level 9. HP: 76/84 MP: 11/13
  6018 | D:7      | Noticed a two-headed ogre
  6018 | D:7      | Found a shimmering altar of Xom.
  6240 | D:7      | Reached ** piety under Makhleb
  6400 | D:7      | Reached skill level 10 in Fighting
  6778 | D:7      | Found a snail-covered altar of Cheibriados.
  6909 | D:7      | Engulfed by a steam dragon's steam

Illustrated notes

Levels and vault maps discovered:
D:1:      matt_arrival_grand_opening, layout_loops_ring,
          shapermc_ecumenical_altar_venn, dk_noncrumbling_2,
          grunt_decor_fettered, patterned_corridor
D:2:      layout_rooms, basic_altar, uniq_jessica, uniq_sigmund,
          uniq_crazy_yiuf_cottage
D:3:      layout_loops_cross, st_stairs_4, uniq_natasha
D:4:      layout_cave_pools, mainiacjoe_overflow_six_doors_small,
          minmay_temple_entry_statues_fountains
D:5:      lemuel_ice_spiral_2, layout_basic, mainiacjoe_overflow_paths,
          lemuel_old_faithful
D:6:      layout_basic, ebering_ghost_sewer_f
D:7:      layout_loops_cross, kennysheep_mini, xom_confusion_cloud,
          hangedman_abyss_or_decor_passed, st_stairs_8
Temple:   nicolae_temple_two_arcs

Skill      XL: |  1  2  3  4  5  6  7  8  9 |
---------------+----------------------------+-----
Fighting       | 4 5 6 7 9 10 | 10.1
Polearms       | 4 5 6 8 |  8.9
Invocations    | 5 6 |  6.7
Armour         | |  3.8
Shields        | |  3.9

Action                   |  1- 3 |  4- 6 |  7- 9 || total
-------------------------+-------+-------+-------++-------
Melee: Trident           |    88 |   149 |   397 ||   634
 Fire: Sling             |       |       |    16 ||    16
Throw: Throwing net      |       |     1 |       ||     1
Invok: Minor Destruction |       |       |     1 ||     1
  Use: Scroll            |       |       |     5 ||     5
       Potion            |       |       |     1 ||     1
 Stab: Held in net/web   |       |     1 |       ||     1
Armor: Scale mail        |    33 |    50 |       ||    83
       Chain mail        |       |     7 |   152 ||   159
Dodge: Dodged            |    26 |    42 |    83 ||   151
Block: Buckler           |    17 |    21 |   121 ||   159
       Reflection        |       |       |     1 ||     1

Table legend: (Time is in decaauts)
 A = Elapsed time spent in this place.
 B = Non-inter-level travel time spent in this place.
 C = Inter-level travel time spent in this place.
 D = Time resting spent in this place.
 E = Time spent auto-exploring this place.
 F = Levels seen in this place.
 G = Mean time per level.
                   A        B        C        D        E       F      G
               +--------+--------+--------+--------+--------+-----+--------+
         Total |   6954 |   6677 |    277 |    358 |   5099 |   8 |  869.2 |
       Dungeon |   6927 |   6665 |    262 |    358 |   5092 |   7 |  989.6 |
        Temple |     26 |     11 |     15 |      0 |      7 |   1 |   26.0 |
               +--------+--------+--------+--------+--------+-----+--------+

Top non-repeatable levels by time:
     D:6: 1310 daAuts
     D:1: 1294 daAuts
     D:3: 1094 daAuts
     D:5: 1022 daAuts
     D:7: 830 daAuts
     D:2: 699 daAuts
     D:4: 675 daAuts
  Temple: 26 daAuts
